 Dungeon Crawl Stone Soup version 0.23-a0-398-g8eab93f (webtiles) character file.

176 Activethunder33 the Ruffian (level 5, -4/53 HPs)
             Began as a Troll Monk on Nov 3, 2018.
             Slain by an orc priest
             ... wielding a +0 trident
              (9 damage)
             ... on level 4 of the Dungeon.
             The game lasted 00:32:10 (2515 turns).

Activethunder33 the Ruffian (Troll Monk)            Turns: 2515, Time: 00:32:10

Health: -4/53      AC:  5    Str: 25    XL:     5   Next: 30%
Magic:  4/4        EV: 11    Int:  6    God:
Gold:   95         SH:  2    Dex: 12    Spells: 4/4 levels left

rFire    x . .     SeeInvis .   y - +0 hunting sling (curse)
rCold    + . .     Gourm    +   (no shield)
rNeg     . . .     Faith    .   a - +0 robe
rPois    .         Spirit   .   (helmet restricted)
rElec    .         Reflect  +   (no cloak)
rCorr    .         Harm     .   (gloves unavailable)
MR       .....                  (boots unavailable)
Stlth    ++........             t - +2 amulet of reflection
HPRegen  0.57/turn              q - +3 ring of slaying
MPRegen  0.09/turn              z - ring of ice

@: mighty, about to teleport
A: large, unfitting armour, claws 3, fast metabolism 3, gourmand, regeneration
1, shaggy fur 1, tough skin 2
a: no special abilities


You were on level 4 of the Dungeon.
You were very full.

You visited 1 branch of the dungeon, and saw 4 of its levels.

You collected 95 gold pieces.

Inventory:

Hand Weapons
 d - a +0 dagger
 f - a +0 battleaxe
 g - a cursed -2 dagger
 i - a +0 hunting sling
 j - a cursed -1 falchion
 k - a cursed -2 short sword
 l - a +0 club
 n - a +0 hand axe
 r - a +0 short sword
 s - a +0 club
 w - a cursed -1 mace
 y - a cursed +0 hunting sling (weapon)
 C - a +0 falchion
Missiles
 m - a throwing net
 o - 162 stones (quivered)
 v - 8 javelins
 B - 37 arrows
 D - 21 sling bullets
Armour
 a - a +0 robe (worn)
 G - a +0 robe
Jewellery
 h - an uncursed ring of protection from fire
 q - a +3 ring of slaying (left claw)
 t - a +2 amulet of reflection (around neck)
 z - a ring of ice (right claw)
 E - an uncursed ring of protection from magic
Wands
 e - a wand of scattershot (4)
Scrolls
 c - 2 scrolls of teleportation
 p - a scroll of remove curse
 u - a scroll of amnesia
 x - a scroll of enchant armour
 F - a scroll of identify
Potions
 A - a potion of magic
Comestibles
 b - 13 rations


   Skills:
 + Level 3.0 Fighting
 + Level 1.9 Slings
 + Level 2.9 Dodging
 + Level 1.4 Stealth
 + Level 3.8 Unarmed Combat


You had 4 spell levels left.
You didn't know any spells.
Your spell library was empty.

Dungeon Overview and Level Annotations

Branches:
Dungeon (4/15)
 Temple: D:4-7

Altars:
Uskayaw


Innate Abilities, Weirdness & Mutations

You are too large for most types of armour.
You have claws for hands.
Your metabolism is lightning-fast.
You like to eat raw meat.
Your natural rate of healing is unusually fast.
You are covered in fur. (AC +1)
You have very tough skin. (AC +2)


Message History

You resist with some effort. The orc priest misses you.
The orc priest barely misses you. You block the orc wizard's attack.
The orc priest hits you with a +0 hand axe of flaming.
* * * LOW HITPOINT WARNING * * *
The orc priest burns you.
* * * LOW HITPOINT WARNING * * *
You feel very mighty all of a sudden. The orc priest closely misses you.
The orc wizard barely misses you. The orc priest barely misses you.
You completely miss the orc priest.
The orc priest is heavily wounded.
The orc priest closely misses you. The orc wizard casts a spell at you.
The magic dart hits you!
* * * LOW HITPOINT WARNING * * *
The orc priest hits you but does no damage.
As you read the scroll of teleportation, it crumbles to dust.
You feel strangely unstable.
The orc priest hits you from afar with a +0 trident!
You die...

#..#### #...##
##...#
#######...#
#.....#.).##
###
##......##[.#
...##
#..###..###.##
#..##.......#
##.##
#o@o########
##.## ##.##
##.. #o# ##.
#(# ##.. .((
#... ... ####
..## #. .. #+


You could see 2 orc priests and an orc wizard.

Vanquished Creatures
  Terence (D:3)
  A worker ant (D:4)
  5 adders
  3 worms
  A dart slug (D:2)
  2 leopard geckos
  2 orcs (D:4)
  10 bats
  3 giant cockroaches
  7 goblins
  6 hobgoblins
  7 jackals
  3 kobolds
  3 quokkas
  7 frilled lizards
  6 rats
67 creatures vanquished.

Notes
Turn   | Place    | Note
-------+----------+-------------------------------------------
     0 | D:1      | Activethunder33 the Troll Monk began the quest for the Orb.
     0 | D:1      | Reached XP level 1. HP: 22/22 MP: 0/0
   388 | D:1      | Reached XP level 2. HP: 24/29 MP: 1/1
  1039 | D:2      | Reached XP level 3. HP: 23/36 MP: 2/2
  1301 | D:2      | Reached XP level 4. HP: 44/44 MP: 3/3
  1631 | D:3      | Found a hide-covered altar of Uskayaw.
  1907 | D:3      | Noticed Terence
  1926 | D:3      | Killed Terence
  1926 | D:3      | Reached skill level 1 in Slings
  2011 | D:3      | Reached XP level 5. HP: 52/52 MP: 4/4
  2515 | D:4      | Slain by an orc priest

Vault maps used:
D:1:      dpeg_arrival_long_road, minmay_misc_feat_tower, bh_walls_and_bars
D:2:      first_ration, hangedman_glass_teeth
D:3:      eat_drink_and_be_merry_uskayaw, uniq_terence
D:4:      temple_green, serial_shops, shop

Skill      XL: |  1  2  3  4  5 |
---------------+----------------+-----
Slings         | 1 |  1.9
Fighting       | 3 |  3.0
Dodging        | |  2.9
Stealth        | |  1.4
Unarmed Combat | |  3.8

Action                   |  1- 3 |  4- 6 || total
-------------------------+-------+-------++-------
Melee: Unarmed           |    70 |       ||    70
       Punch             |     2 |       ||     2
       Hunting sling     |       |     5 ||     5
 Fire: Hunting sling     |    12 |   126 ||   138
  Use: Potion            |     3 |     4 ||     7
       Scroll            |       |     7 ||     7
 Stab: Sleeping          |     6 |     1 ||     7
  Eat: Chunk             |    17 |     9 ||    26
Armor: Robe              |    35 |    37 ||    72
Dodge: Dodged            |    47 |    52 ||    99
Block: Other             |     6 |     8 ||    14

Table legend:
 A = Non-vault XP
 B = Vault XP
 C = Vault XP percentage of total XP
 D = Non-vault monster count
 E = Vault monster count
 F = Vault count percentage of total count
                 A         B        C        D         E       F
            +---------+---------+-------+---------+---------+-------
      Total |     216 |      36 |  14.3 |      66 |       1 |   1.5
            +---------+---------+-------+---------+---------+-------
        D:1 |      21 |       0 |   0.0 |      12 |       0 |   0.0
        D:2 |      93 |       0 |   0.0 |      24 |       0 |   0.0
        D:3 |      62 |      36 |  36.7 |      27 |       1 |   3.6
        D:4 |      40 |       0 |   0.0 |       3 |       0 |   0.0
            +---------+---------+-------+---------+---------+-------
